 Dungeon Crawl Stone Soup version 0.23.2-33-g5129a83184 (webtiles) character file.

Game seed: 6513486675118018972

193 Joat the Sneak (level 5, 40/45 HPs)
             Began as a Naga Ice Elementalist on July 3, 2019.
             Quit the game on level 3 of the Dungeon.
             The game lasted 00:16:19 (3041 turns).

Joat the Sneak (Naga Ice Elementalist)              Turns: 3041, Time: 00:16:19

Health: 40/45      AC:  4    Str: 11    XL:     5   Next: 72%
Magic:  9/9        EV: 10    Int: 16    God:
Gold:   92         SH:  0    Dex: 11    Spells: 4/10 levels left

rFire    . . .     SeeInvis +   m - -3 war axe (curse)
rCold    . . .     Gourm    .   (no shield)
rNeg     . . .     Faith    .   a - +0 robe
rPois    +         Spirit   .   k - +0 helmet
rElec    .         Reflect  .   (no cloak)
rCorr    .         Harm     .   d - +0 pair of gloves
MR       .....                  (no barding)
Stlth    ++........             (no amulet)
HPRegen  0.15/turn              (no ring)
MPRegen  0.11/turn              (no ring)

@: hasted, quick
A: large, see invisible, deformed body, poison resistance, slowness 2, slow
metabolism 1, spit poison 1, AC +1
a: Spit Poison


You were on level 3 of the Dungeon.
You were not hungry.

You visited 1 branch of the dungeon, and saw 3 of its levels.

You collected 92 gold pieces.

Inventory:

Hand Weapons
 e - a +0 dagger
 m - a cursed -3 war axe (weapon)
 q - a +0 short sword of draining
Missiles
 j - a throwing net (quivered)
Armour
 a - a +0 robe (worn)
 d - a +0 pair of gloves (worn)
 k - a +0 helmet (worn)
Jewellery
 s - a cursed -3 ring of protection {unknown}
Scrolls
 f - a scroll of teleportation
 g - a scroll of enchant weapon {unknown}
 h - a scroll of fear
 l - a scroll of enchant armour {unknown}
 n - a scroll of magic mapping
 o - a scroll of blinking {unknown}
 p - a scroll of identify {unknown}
 r - a scroll of remove curse {unknown}
Potions
 i - a potion of haste
Comestibles
 c - 4 rations


   Skills:
 - Level 2.2 Fighting
 - Level 1.6 Dodging
 - Level 3.1 Stealth
 + Level 3.0 Spellcasting
 - Level 3.1 Conjurations
 - Level 2.1 Charms
 - Level 3.0 Ice Magic


You had 4 spell levels left.
You knew the following spells:

 Your Spells              Type           Power        Failure   Level  Hunger
a - Freeze                Ice            ##..         5%          1    #......
q - Ozocubu's Armour      Chrm/Ice       ##......     21%         3    ###....
z - Throw Frost           Conj/Ice       ##....       8%          2    ##.....

Your spell library contained the following spells:

 Spells                   Type           Power        Failure   Level  Hunger
 Throw Icicle             Conj/Ice       ##......     45%         4    #####..
 Summon Ice Beast         Ice/Summ       #.......     69%         4    #####..


Dungeon Overview and Level Annotations

Branches:
Dungeon (3/15)

Altars:
Ru

Annotations:
D:3 Grinder


Innate Abilities, Weirdness & Mutations

You cannot wear boots.
Your serpentine skin is tough. (AC +1)
You have supernaturally acute eyesight. (SInv)
Armour fits poorly on your strangely shaped body.
Your system is resistant to poisons. (rPois)
You cover ground very slowly.
You have a slow metabolism.
You can spit poison.


Message History

As you read the scroll of teleportation, it crumbles to dust.
You feel strangely unstable. Grinder barely misses you.
The adder hisses angrily.
You closely miss Grinder.
Grinder is lightly wounded.
You barely miss the adder. The adder barely misses you.
Grinder says, "At least Makhleb appreciates what I'm doing."
Grinder blinks!
The adder bites you.
You closely miss the adder. The adder bites you but does no damage.
You closely miss the adder. The adder closely misses you.
Grinder blinks!
The adder bites you but does no damage.
You miss the adder. The adder bites you.
You closely miss the adder.
Your surroundings suddenly seem different.
You have got your breath back.
A worm and a gnoll come into view.
The gnoll shouts!
A giant cockroach comes into view.
A gnoll comes into view. It is wielding a +0 spear.
Are you sure you want to abandon this character and quit the game? (Confirm with "yes".)

. .g ... .s..
##### %....
#...#......
#..@.!....w
#..##......
#..# .....
####..####....
#........# ...
#.######.# ##
#...# # #####
.#


You could see a worm (wandering), a gnoll (wandering) and a giant cockroach
(wandering).

Vanquished Creatures
  A bullfrog zombie (D:3)
  Jessica (D:2)
  4 gnolls (D:2)
  2 adders
  A shadow imp (D:2)
  3 worms (D:2)
  2 leopard geckos (D:3)
  4 giant cockroaches
  8 goblins
  7 hobgoblins
  2 jackals (D:2)
  8 kobolds
  8 bats
  3 frilled lizards (D:1)
  9 rats
63 creatures vanquished.

Notes
Turn   | Place    | Note
-------+----------+-------------------------------------------
     0 | D:1      | Joat the Naga Ice Elementalist began the quest for the Orb.
     0 | D:1      | Reached XP level 1. HP: 15/15 MP: 3/3
   194 | D:1      | Reached XP level 2. HP: 20/22 MP: 3/5
   211 | D:1      | Learned a level 2 spell: Throw Frost
   950 | D:1      | Reached XP level 3. HP: 28/28 MP: 7/7
   956 | D:1      | Learned a level 3 spell: Ozocubu's Armour
  1522 | D:2      | Reached XP level 4. HP: 33/36 MP: 1/8
  1670 | D:2      | Noticed Jessica
  1689 | D:2      | Killed Jessica
  1689 | D:2      | Reached skill level 1 in Charms
  1694 | D:2      | Reached XP level 5. HP: 30/42 MP: 0/9
  2112 | D:2      | Found a sacrificial altar of Ru.
  2420 | D:3      | Reached skill level 1 in Fighting
  3018 | D:3      | Noticed Grinder
  3041 | D:3      | Quit the game

Skill      XL: |  1  2  3  4  5 |
---------------+----------------+-----
Spellcasting   | 3 |  3.0
Conjurations   | 2 3 |  3.1
Charms         | 2 |  2.1
Fighting       | 2 |  2.2
Dodging        | |  1.6
Stealth        | |  3.1
Ice Magic      | |  3.0

Action                   |  1- 3 |  4- 6 || total
-------------------------+-------+-------++-------
Melee: Club              |    21 |       ||    21
       Unarmed           |     1 |       ||     1
       Dagger            |    45 |       ||    45
       War axe           |     2 |    77 ||    79
 Cast: Freeze            |     4 |       ||     4
       Throw Frost       |    20 |    21 ||    41
       Ozocubu's Armour  |       |     2 ||     2
 Abil: Spit Poison       |    15 |    16 ||    31
  Use: Scroll            |       |     4 ||     4
       Potion            |       |     2 ||     2
 Stab: Sleeping          |     2 |     5 ||     7
  Eat: Chunk             |     3 |     6 ||     9
Armor: Robe              |    19 |    50 ||    69
Dodge: Dodged            |    50 |    78 ||   128
